 Dungeon Crawl Stone Soup version 0.25.1-8-g42b30a86e7 (webtiles) character file.

Game seed: 12626619358007740640

61 Destapler the Ducker (level 3, 0/36 HPs)
             Began as a Troll Fighter on Dec 22, 2020.
             Succumbed to an adder's poison
             ... on level 3 of the Dungeon.
             The game lasted 00:02:43 (1498 turns).

Destapler the Ducker (Troll Fighter)                Turns: 1498, Time: 00:02:43

Health: 0/36       AC:  6    Str: 25    XL:     3   Next: 83%
Magic:  2/2        EV:  8    Int:  4    God:
Gold:   98         SH: 10    Dex:  9    Spells: 2/2 levels left

rFire    . . .     SeeInvis .   a - +0 flail
rCold    . . .     Gourm    +   c - +1 kite shield
rNeg     . . .     Faith    .   b - +0 robe
rPois    .         Spirit   .   (helmet restricted)
rElec    .         Reflect  .   (no cloak)
rCorr    .         Harm     .   (gloves unavailable)
MR       .....                  (boots unavailable)
Stlth    +.........             g - amulet of inaccuracy (curse)
HPRegen  0.52/turn              (no ring)
MPRegen  0.08/turn              (no ring)

@: lethally poisoned (0 -> -5)
A: large, unfitting armour, claws 3, fast metabolism 3, gourmand, regeneration
1, shaggy fur 1, tough skin 3
a: no special abilities


You were on level 3 of the Dungeon.
You were completely stuffed.

You visited 1 branch of the dungeon, and saw 3 of its levels.

You collected 98 gold pieces.

Inventory:

Hand Weapons
 a - a +0 flail (weapon)
Missiles
 e - 22 poisoned darts (quivered)
Armour
 b - a +0 robe (worn)
 c - a +1 kite shield (worn)
Jewellery
 g - a cursed amulet of inaccuracy (around neck)
Scrolls
 i - a scroll of teleportation {unknown}
Potions
 d - a potion of might
 h - a potion of flight {unknown}
 j - 2 potions of curing
 k - a potion of heal wounds {unknown}
Comestibles
 f - 5 rations
 l - 4 chunks of flesh


   Skills:
 + Level 2.8 Fighting
 + Level 2.4 Maces & Flails
 + Level 2.9 Dodging
 + Level 2.8 Shields


You had 2 spell levels left.
You didn't know any spells.
Your spell library was empty.

Dungeon Overview and Level Annotations

Branches:
Dungeon (3/15)

Altars:
Cheibriados


Innate Abilities, Weirdness & Mutations

You are too large for most types of armour.
You have claws for hands.
Your metabolism is lightning-fast.
You like to eat raw meat.
Your natural rate of healing is unusually fast.
You are covered in fur. (AC +1)
You have extremely tough skin. (AC +3)


Message History

You are too injured to fight recklessly!
You are too injured to fight recklessly!
You are too injured to fight recklessly!
You are too injured to fight recklessly!
You miss the adder.
You feel sick. The adder bites you.
* * * LOW HITPOINT WARNING * * *
You are more poisoned.
The adder poisons you! You block the adder's attack.
You closely miss the adder.
You feel sick. The adder bites you.
* * * LOW HITPOINT WARNING * * *
You are more poisoned.
The adder poisons you! You block the adder's attack.
You closely miss the adder.
* * * LOW HITPOINT WARNING * * *
You feel sick. The adder closely misses you.
You closely miss the adder.
* * * LOW HITPOINT WARNING * * *
You feel sick. You block the adder's attack. x2
You miss the adder.
You die...

................'.......#
....##..........####....#
#.#.##.#.......## ##(#.#
#......##.....## ###.#
###.######...## ##..# #.#
##+## ##.#.## #.# #.###.#
#. #.#########.#.##
##.....@S.###.##
##...#####.# #.# #...
####.###.#
.##...##........#
..........#.#####
####.###.##.# ####.# ..#
###


You could see an adder.

Vanquished Creatures
  An ooze (D:2)
  A worm (D:2)
  A dart slug (D:2)
  5 leopard geckos
  4 giant cockroaches
  4 goblins
  2 hobgoblins
  8 kobolds
  A quokka (D:2)
  4 bats
  3 frilled lizards
  16 rats
50 creatures vanquished.

Notes
Turn   | Place    | Note
-------+----------+-------------------------------------------
     0 | D:1      | Destapler the Troll Fighter began the quest for the Orb.
     0 | D:1      | Reached XP level 1. HP: 22/22 MP: 0/0
    68 | D:1      | Reached XP level 2. HP: 26/29 MP: 1/1
   410 | D:1      | Reached XP level 3. HP: 35/36 MP: 2/2
   653 | D:2      | Found a snail-covered altar of Cheibriados.
  1497 | D:3      | HP: 1/36 [poisoned by an adder]
  1498 | D:3      | Succumbed to an adder's poison

Illustrated notes

Levels and vault maps discovered:
D:1:      giann_forest_graveyard, layout_basic, serial_bayou_pond_e
D:2:      layout_loops_ring, minmay_splitting_lines, amethyst_killhole,
          cheibriados_altar_1
D:3:      layout_loops_corners, grunt_temple_overflow_open, first_ration

Skill      XL: |  1 |
---------------+----+-----
Maces & Flails | 2 |  2.4
Fighting       | |  2.8
Dodging        | |  2.9
Shields        | |  2.8

Action                   || total
-------------------------++-------
Melee: Flail             ||   206
  Use: Scroll            ||     2
 Stab: Sleeping          ||     2
  Eat: Chunk             ||    20
Armor: Robe              ||    89
Dodge: Dodged            ||    72
Block: Kite shield       ||   107
